 Dungeon Crawl Stone Soup version 0.30.0-17-ge0270778cf (webtiles) character file.

Game seed: 5921890621976387186

28 quinnr the Gusty (level 3, -5/19 HPs)
             Began as a Tengu Air Elementalist on May 18, 2023.
             Slain by Edmund
             ... wielding a +4 dire flail of protection
              (18 damage)
             ... on level 4 of the Dungeon on May 21, 2023.
             The game lasted 00:07:05 (890 turns).

quinnr the Gusty (Tengu Air Elementalist)            Turns: 890, Time: 00:07:06

Health: -5/19      AC:  2    Str:  8    XL:     3   Next: 14%
Magic:  1/7        EV: 12    Int: 17    God:
Gold:   16         SH:  0    Dex: 14    Spells: 5/6 levels left

rFire   . . .        (no weapon)
rCold   . . .        (no shield)
rNeg    . . .        a - +0 robe
rPois   .            (helmet restricted)
rElec   .            (no cloak)
rCorr   .            (no gloves)
SInv    .            (boots unavailable)
Will    .....        (no amulet)
Stlth   ++           (no ring)
HPRegen 0.23/turn    (no ring)
MPRegen 0.10/turn

%: no passive effects
@: no status effects
A: beak, talons 3
a: no special abilities


You were on level 4 of the Dungeon.
You visited 1 branch of the dungeon, and saw 4 of its levels.

You collected 16 gold pieces.


Innate Abilities, Weirdness & Mutations

You have a beak for a mouth.
You have claws for feet.


   Skills:
 - Level 2.1 Dodging
 - Level 2.0 Stealth
 - Level 2.0 Spellcasting
 - Level 1.3 Conjurations
 + Level 5.6 Air Magic


You had 5 spell levels left.
You knew the following spells:

 Your Spells              Type           Power      Damage    Failure   Level
z - Shock                 Conj/Air       52%        1d6       4%          1

Your spell library contained the following spells:

 Spells                   Type           Power      Damage    Failure   Level
 Swiftness                Air            20%        N/A       6%          3
 Static Discharge         Conj/Air       26%        2-4/arc   7%          2
 Airstrike                Air            10%        2d(2-18)  19%         4
 Scorch                   Fire           2%         2d5       28%         2
 Flame Wave               Conj/Fire      4%         2d5       82%         4
 Summon Cactus Giant      Summ           0%         N/A       100%        6

Inventory:

Armour
 a - a +0 robe (worn)
Scrolls
 d - a scroll of vulnerability {unknown}
 e - a scroll of amnesia {unknown}
 g - a scroll of noise {unknown}
Potions
 b - a potion of magic
 c - a potion of degeneration {unknown}
 f - a potion of curing {unknown}

Dungeon Overview and Level Annotations

Branches:
Dungeon (4/15)
 Temple: D:4-7

Altars:
Nemelex Xobeh

Annotations:
D:4 Edmund

........[......
.......)........
................
...........#.#..
#.............#
#...........##.
#.....h.@......
#....g@.....#
#<..........#
#.............
....#.⌠.⌠.....##
.## #<.⚑....#.#
..⌠.⌠.### #
##......
##..#### ...#


You could see Edmund, a jackal and a hobgoblin.


Message History

You are out of magic!
You are out of magic!
You are out of magic!
You climb upwards.
There is a stone staircase leading down here.
You start resting.
A jackal comes into view.
You climb downwards.
Level annotation: Edmund The hobgoblin closely misses you.
There is a stone staircase leading up here.
The zap hits the hobgoblin.
The hobgoblin is lightly wounded.
Edmund shouts!
The hobgoblin hits you.
The zap hits the hobgoblin but does no damage.
The hobgoblin is lightly wounded.
The hobgoblin closely misses you.
The zap misses the hobgoblin.
The hobgoblin closely misses you. The hobgoblin closely misses you.
You climb upwards.
The jackal closely misses you.
A jackal comes into view.
The jackal barely misses you.
There is a stone staircase leading down here.
The jackal misses you. The hobgoblin misses you. The jackal bites you.
You climb downwards.
Level annotation: Edmund Edmund hits you with a +4 dire flail of protection!!
Ouch! That really hurt!
You die...

Skill      XL: |  1  2 |
---------------+-------+-----
Air Magic      | 5 |  5.6
Dodging        | |  2.1
Stealth        | |  2.0
Spellcasting   | |  2.0
Conjurations   | |  1.3

Action                     || total
---------------------------++-------
   Cast: Shock             ||    52
    Use: Scroll            ||     1
 Armour: Robe              ||     3
  Dodge: Dodged            ||    13

Levels and vault maps discovered:
D:1:      nagdon_arrival_double_spiral, layout_loops_cross,
          ebering_ecumenical_altar_webs, dreamdust_princess_corridor,
          nicolae_eternal_life, hangedman_decor_riveting
D:2:      layout_basic, serial_shops, nicolae_shop_peninsula, basic_altar,
          uniq_terence, uniq_natasha
D:3:      cheibrodos_fertilizer, layout_rooms,
          mainiacjoe_overflow_large_starburst
D:4:      layout_rooms, kennysheep_mini, lemuel_crystal_altar,
          nemelex_xobeh_ov_fountains_minmay, st_stairs_4, chequers_avenue,
          kennysheep_crisscross, uniq_edmund

Notes
Turn   | Place    | Note
-------+----------+-------------------------------------------
     0 | D:1      | quinnr the Tengu Air Elementalist began the quest for the
                  | Orb.
     0 | D:1      | Reached XP level 1. HP: 10/10 MP: 4/4
   125 | D:1      | Found a faded altar of an unknown god.
   264 | D:1      | Upgraded the game from 0.30.0-13-g156ef70053 to
                  | 0.30.0-15-g856e2d3f33
   264 | D:1      | Upgraded the game from 0.30.0-15-g856e2d3f33 to
                  | 0.30.0-16-gbe6223bb7e
   265 | D:1      | Reached XP level 2. HP: 14/15 MP: 0/6
   398 | D:1      | Upgraded the game from 0.30.0-16-gbe6223bb7e to
                  | 0.30.0-17-ge0270778cf
   519 | D:1      | Reached skill level 5 in Air Magic
   699 | D:1      | You fall into a shaft and drop 1 floor!
   752 | D:2      | Reached XP level 3. HP: 19/19 MP: 4/7
   851 | D:4      | Found a sparkling altar of Nemelex Xobeh.
   858 | D:4      | Noticed Edmund
   890 | D:4      | Slain by Edmund

Vanquished Creatures
  A ball python (D:1)
  5 endoplasms
  2 giant cockroaches
  2 goblins (D:1)
  A hobgoblin (D:1)
  5 jackals
  2 kobolds
  2 bats
  3 rats (D:1)
23 creatures vanquished.

Table legend: (Time is in decaauts)
 A = Elapsed time spent in this place.
 B = Non-inter-level travel time spent in this place.
 C = Inter-level travel time spent in this place.
 D = Time resting spent in this place.
 E = Time spent auto-exploring this place.
 F = Levels seen in this place.
 G = Mean time per level.
                   A        B        C        D        E       F      G
               +--------+--------+--------+--------+--------+-----+--------+
         Total |    928 |    916 |     12 |     65 |    707 |   4 |  232.0 |
       Dungeon |    928 |    916 |     12 |     65 |    707 |   4 |  232.0 |
               +--------+--------+--------+--------+--------+-----+--------+

Top non-repeatable levels by time:
     D:1: 736 daAuts
     D:2: 139 daAuts
     D:3: 38 daAuts
     D:4: 13 daAuts

Table legend:
 A = Non-vault XP
 B = Vault XP
 C = Vault XP percentage of total XP
 D = Non-vault monster count
 E = Vault monster count
 F = Vault count percentage of total count
                 A         B        C        D         E       F
            +---------+---------+-------+---------+---------+-------
      Total |      41 |       0 |   0.0 |      23 |       0 |   0.0
            +---------+---------+-------+---------+---------+-------
        D:1 |      30 |       0 |   0.0 |      17 |       0 |   0.0
        D:2 |       6 |       0 |   0.0 |       3 |       0 |   0.0
        D:3 |       3 |       0 |   0.0 |       2 |       0 |   0.0
        D:4 |       2 |       0 |   0.0 |       1 |       0 |   0.0
            +---------+---------+-------+---------+---------+-------

Levels and vault maps discovered:
D:1:      nagdon_arrival_double_spiral, layout_loops_cross,
          ebering_ecumenical_altar_webs, dreamdust_princess_corridor,
          nicolae_eternal_life, hangedman_decor_riveting
D:2:      layout_basic, serial_shops, nicolae_shop_peninsula, basic_altar,
          uniq_terence, uniq_natasha
D:3:      cheibrodos_fertilizer, layout_rooms,
          mainiacjoe_overflow_large_starburst
D:4:      layout_rooms, kennysheep_mini, lemuel_crystal_altar,
          nemelex_xobeh_ov_fountains_minmay, st_stairs_4, chequers_avenue,
          kennysheep_crisscross, uniq_edmund
